 Dungeon Crawl Stone Soup version 0.21-a0-632-g1e37ce5 (webtiles) character file.

37 shenanigans the Charmwright (level 3, -3/29 HPs)
             Began as a Barachi Skald on Dec 27, 2017.
             Slain by Sigmund
             ... wielding a +0 scythe
              (7 damage)
             ... on level 2 of the Dungeon.
             The game lasted 00:03:00 (859 turns).

shenanigans the Charmwright (Barachi Skald)          Turns: 859, Time: 00:03:01

Health: -3/29      AC:  6    Str: 11 (12) XL:     3   Next: 41%
Magic:  6/6        EV: 16    Int: 11 (14) God:
Gold:   74         SH:  0    Dex: 15 (16) Spells: 5/6 levels left

rFire    . . .     SeeInvis .   e - +1 hand axe (venom)
rCold    . . .     Gourm    .   (no shield)
rNeg     . . .     Faith    .   g - +0 ring mail
rPois    .         Spirit   .   i - +0 helmet
rElec    .         Reflect  .   (no cloak)
rCorr    .         Harm     .   (no gloves)
MR       .....                  (no boots)
Stlth    ++........             (no amulet)
HPRegen  0.09/turn              (no ring)
MPRegen  0.10/turn              (no ring)

@: agile, slow
A: +LOS, swims, slowness 1, strong legs 1
a: Hop


You were on level 2 of the Dungeon.
You were not hungry.

You visited 1 branch of the dungeon, and saw 2 of its levels.

You collected 74 gold pieces.

Inventory:

Hand Weapons
 a - a +0 hand axe
 e - a +1 hand axe of venom (weapon)
Missiles
 n - 6 tomahawks (quivered)
Armour
 b - a +0 leather armour
 g - a +0 ring mail (worn)
 i - a +0 helmet (worn)
Jewellery
 m - a cursed -3 ring of intelligence {unknown}
Scrolls
 h - 2 scrolls of blinking {unknown}
 j - a scroll of amnesia {unknown}
Books
 c - a book of Battle

   Spells                             Type                      Level
   a - Infusion                       Charms                       1
   b - Shroud of Golubria             Charms/Translocation         2
   c - Song of Slaying                Charms                       2
   d - Spectral Weapon                Hexes/Charms                 3
   e - Regeneration                   Charms/Necromancy            3
Comestibles
 d - 4 rations


   Skills:
 + Level 3.0 Fighting
 + Level 2.8 Axes
 + Level 2.1 Armour
 + Level 2.7 Dodging
 - Level 2.1 Spellcasting
 - Level 3.2 Charms


You had 5 spell levels left.
You knew the following spells:

 Your Spells              Type           Power        Failure   Level  Hunger
a - Infusion              Chrm           #...         17%         1    ##.....


Dungeon Overview and Level Annotations

Branches:
Dungeon (2/15)

Altars:

Annotations:
D:2 Sigmund


Innate Abilities, Weirdness & Mutations

Shadows flee at your approach. (+LOS)
You can swim through water.
You cover ground slowly.
You can hop short distances.


Message History

You swing at nothing.
Your transformation is almost over.
Something completely misses you.
You swing at nothing.
You cannot move. (Use ctrl+direction to attack without moving.)
You nearly hit yourself!
You feel less confused. Something completely misses you.
You swing at nothing.
Something hits you.
* * * LOW HITPOINT WARNING * * *
You swing at nothing.
Something hits you but does no damage.
You swing at nothing.
Sigmund appears from thin air!
Reactivating autopickup.
You swing at nothing.
Sigmund hits you but does no damage.
You swing at nothing.
You feel less wooden.
Your +0 helmet unmelds from your body.
Your +0 ring mail unmelds from your body.
Sigmund hits you from afar with a scythe!
You die...

.....................#
#..#..#..#....<)((...#
#..#..#..#..........#
#..#..#............# #.
#..#..#.........>.#
.#..#..#..#..........#
.....................#
.....#..##..........#
## #..##...@......#
##..#####)#####.#
#..######@#####.#
#..##...#b...##.#
######..#..........#.#
......................#
######................#
...................[#
#.####.##......##+##.#


You could see Sigmund and a bat.

Vanquished Creatures
  An ooze (D:2)
  3 dart slugs (D:1)
  A leopard gecko (D:1)
  3 bats
  A giant cockroach (D:1)
  4 goblins
  6 hobgoblins
  4 kobolds
  2 rats (D:1)
25 creatures vanquished.

Notes
Turn   | Place    | Note
-------+----------+-------------------------------------------
     0 | D:1      | shenanigans the Barachi Skald began the quest for the Orb.
     0 | D:1      | Reached XP level 1. HP: 17/17 MP: 3/3
   312 | D:1      | Reached XP level 2. HP: 18/23 MP: 5/5
   632 | D:1      | Reached XP level 3. HP: 24/28 MP: 6/6
   822 | D:2      | Noticed Sigmund
   859 | D:2      | Slain by Sigmund

Vault maps used:
D:1:      dpeg_arrival_rooms_c
D:2:      nemelex_xobeh_ov_fountains_minmay, tgw_xom, minmay_liquid_box,
          minmay_misc_feat_diagonals, uniq_sigmund

Skill      XL: |  1  2  3 |
---------------+----------+-----
Armour         | 2 |  2.1
Fighting       | 3 |  3.0
Axes           | |  2.8
Dodging        | |  2.7
Spellcasting   | |  2.1
Charms         | |  3.2

Action                   || total
-------------------------++-------
Melee: Hand axe          ||    65
Throw: Tomahawk          ||     1
  Use: Potion            ||     3
Armor: Leather armour    ||     6
       Ring mail         ||    24
       Skin              ||    12
Dodge: Dodged            ||    60

Table legend:
 A = Spawn XP
 B = Non-spawn XP
 C = Spawn XP percentage of total XP
 D = Spawn monster count
 E = Non-spawn monster count
 F = Spawn count percentage of total count
 G = Total turns spent on level
                    A         B        C        D         E        F      G
               +---------+---------+-------+---------+---------+-------+---------
         Total |       0 |      54 |   0.0 |       0 |      25 |   0.0 |   859
               +---------+---------+-------+---------+---------+-------+---------
           D:1 |       0 |      41 |   0.0 |       0 |      20 |   0.0 |   756
           D:2 |       0 |      13 |   0.0 |       0 |       5 |   0.0 |   103
               +---------+---------+-------+---------+---------+-------+---------
